 Dungeon Crawl Stone Soup version 0.29-a0-802-g34511f41fd (webtiles) character file.

Game seed: 14866637412986481543

67 blackman the Charlatan (level 4, -3/34 HPs)
             Began as a Human Artificer on July 3, 2022.
             Slain by an orc
             ... wielding a +2 vorpal flail
              (5 damage)
             ... on level 3 of the Dungeon.
             The game lasted 00:05:41 (2785 turns).

blackman the Charlatan (Human Artificer)            Turns: 2785, Time: 00:05:42

Health: -3/34      AC:  8    Str: 14    XL:     4   Next: 38%
Magic:  4/4        EV:  6    Int: 11    God:
Gold:   95         SH:  0    Dex: 14    Spells: 3/3 levels left

rFire   . . .      SeeInvis .   a - +2 dagger (venom)
rCold   . . .      Faith    .   (no shield)
rNeg    . . .      Spirit   .   q - +0 chain mail
rPois   .          Reflect  .   (no helmet)
rElec   .          Harm     .   (no cloak)
rCorr   .          Rampage  .   (no gloves)
Will    .....                   (no boots)
Stlth   ..........              (no amulet)
HPRegen 0.11/turn               (no ring)
MPRegen 0.09/turn               (no ring)

@: about to teleport, weak-willed
A: no striking features
a: no special abilities


You were on level 3 of the Dungeon.
You visited 1 branch of the dungeon, and saw 3 of its levels.

You collected 95 gold pieces.

Inventory:

Hand Weapons
 a - a +2 dagger of venom (weapon)
 b - a +0 sling
 i - a +0 club
Missiles
 j - 2 silver javelins
 p - 6 poisoned darts
Armour
 l - a +0 leather armour
 q - a +0 chain mail (worn)
Wands
 c - a wand of flame (15) (quivered)
 d - a wand of charming (15)
 e - a wand of iceblast (9)
Scrolls
 f - 5 scrolls of identify {unknown}
 h - a scroll of magic mapping {unknown}
 o - a scroll of vulnerability
 r - a scroll of enchant weapon {unknown}
 s - a scroll of immolation {unknown}
 t - a scroll of noise {unknown}
Potions
 g - 2 potions of magic
 k - a potion of attraction {unknown}
 n - a potion of might {unknown}
 u - a potion of resistance {unknown}


   Skills:
 - Level 2.8 Fighting
 * Level 2.4 Ranged Weapons
 - Level 2.0 Armour
 - Level 1.0 Dodging
 - Level 1.0 Stealth
 - Level 3.0 Evocations


You had 3 spell levels left.
You didn't know any spells.
Your spell library contained the following spells:

 Spells                   Type           Power      Damage    Failure   Level
 Frozen Ramparts          Ice            0%         1d2       100%        3
 Ice Form                 Ice/Tmut       0%         N/A       100%        4
 Summon Ice Beast         Ice/Summ       0%         N/A       100%        4


Dungeon Overview and Level Annotations

Branches:
Dungeon (3/15)

Altars:


Message History

The orc wizard is lightly wounded.
The orc shouts!
An orc comes into view. It is wielding a +0 hand axe.
The orc wizard points at you and mumbles some strange words.
The magic dart hits you! The orc hits you but does no damage.
The orc priest hits you but does no damage.
The orc shouts!
You hit the orc wizard but do no damage.
The orc wizard is poisoned.
The orc wizard is lightly wounded.
The orc hits you with a +2 vorpal flail.
The orc priest hits you but does no damage.
The orc wizard casts a spell at you. The puff of flame misses you.
You hit the orc priest but do no damage.
The orc barely misses you.
The orc wizard hits you but does no damage.
The orc priest hits you but does no damage.
You hit the orc priest.
The orc priest is poisoned.
The orc priest is lightly wounded.
The orc hits you with a +2 vorpal flail.
The orc priest calls upon Beogh to heal the orc wizard.
The orc wizard is healed somewhat.
The orc wizard hits you but does no damage.
You hit the orc priest.
The orc priest is lightly wounded.
The orc hits you with a +2 vorpal flail!
* * * LOW HITPOINT WARNING * * *
x2 The orc priest hits you with a +0 hand axe.
* * * LOW HITPOINT WARNING * * *
The orc wizard hits you but does no damage.
As you read the scroll labelled IVOFIJATSO, it crumbles to dust.
Magic quickly surges around you.
It was a scroll of vulnerability.
The orc barely misses you. The orc wizard barely misses you.
The orc priest barely misses you.
As you read the scroll labelled OTATRO GATYSE, it crumbles to dust.
You feel strangely unstable.
It was a scroll of teleportation.
An orc wizard comes into view. It is wielding a +0 dagger.
The orc hits you with a +2 vorpal flail.
You die...

#o#.#.# #.#'#'##
......# #.....##
#......# #..o...#
###### #..ooo.#
[....########..o@..#
.###.##.....#......#
.# #.##.###)#......#
.# #.#....#.###....#
.# #....#.#.# #.####
.# ####.#.#.# #.#.#
.###<...#.#.###...#
.....#........#...#
####.#.##.#.#.#.###


You could see an orc priest (very poisoned, weak-willed), 2 orc wizards and 3
orcs.

Vanquished Creatures
  An adder (D:2)
  4 worms (D:2)
  7 ball pythons
  5 bats
  3 endoplasms
  2 giant cockroaches
  3 goblins
  3 hobgoblins
  2 quokkas (D:2)
  A frilled lizard (D:2)
  6 kobolds
  7 rats
44 creatures vanquished.

Notes
Turn   | Place    | Note
-------+----------+-------------------------------------------
     0 | D:1      | blackman the Human Artificer began the quest for the Orb.
     0 | D:1      | Reached XP level 1. HP: 15/15 MP: 1/1
   601 | D:1      | Reached XP level 2. HP: 21/22 MP: 2/2
   912 | D:1      | Reached XP level 3. HP: 14/28 MP: 3/3
  1887 | D:2      | Reached skill level 1 in Ranged Weapons
  2187 | D:2      | Found a faded altar of an unknown god.
  2359 | D:2      | Reached XP level 4. HP: 22/34 MP: 4/4
  2785 | D:3      | Slain by an orc

Illustrated notes

Levels and vault maps discovered:
D:1:      erik_arrival_blinker_ship, layout_basic, nicolae_figureground_sparkle
D:2:      layout_rooms, chequers_ecumenical_altar_twisty
D:3:      layout_basic, minmay_liquid_box, minmay_misc_feat_more_columns,
          kennysheep_generic_room_7

Skill      XL: |  1  2  3  4 |
---------------+-------------+-----
Fighting       | 2 |  2.8
Ranged Weapons | 1 2 |  2.4
Armour         | |  2.0
Dodging        | |  1.0
Stealth        | |  1.0
Evocations     | |  3.0

Action                   |  1- 3 |  4- 6 || total
-------------------------+-------+-------++-------
Melee: Club              |    40 |       ||    40
       Dagger            |    38 |    29 ||    67
 Fire: Sling             |    40 |       ||    40
  Use: Potion            |     2 |       ||     2
       Scroll            |       |     2 ||     2
 Stab: Sleeping          |     1 |       ||     1
Armor: Leather armour    |    25 |       ||    25
       Chain mail        |    13 |    20 ||    33
Dodge: Dodged            |    50 |    11 ||    61

Table legend: (Time is in decaauts)
 A = Elapsed time spent in this place.
 B = Non-inter-level travel time spent in this place.
 C = Inter-level travel time spent in this place.
 D = Time resting spent in this place.
 E = Time spent auto-exploring this place.
 F = Levels seen in this place.
 G = Mean time per level.
                   A        B        C        D        E       F      G
               +--------+--------+--------+--------+--------+-----+--------+
         Total |   2811 |   2717 |     94 |    308 |   2043 |   3 |  937.0 |
       Dungeon |   2811 |   2717 |     94 |    308 |   2043 |   3 |  937.0 |
               +--------+--------+--------+--------+--------+-----+--------+

Top non-repeatable levels by time:
     D:1: 1534 daAuts
     D:2: 1171 daAuts
     D:3: 104 daAuts
